 Dungeon Crawl Stone Soup version 0.24.0-13-gcf9b3192b9 (console) character file.

Game seed: 10518358489008505124, levelgen mode: deterministic

80 AlterAsc the Changer (level 4, -2/35 HPs)
             Began as a Draconian Transmuter on Nov 5, 2019.
             Slain by an ice beast (11 damage)
             ... on level 1 of the Dungeon.
             The game lasted 00:05:43 (2053 turns).

AlterAsc the Changer (Draconian Transmuter)         Turns: 2053, Time: 00:05:43

Health: -2/35      AC:  2    Str: 13    XL:     4   Next: 18%
Magic:  6/8        EV: 19    Int: 14    God:
Gold:   82         SH:  0    Dex: 16    Spells: 2/8 levels left

rFire    . . .     SeeInvis .     - Unarmed
rCold    . . .     Gourm    .   (shield currently unavailable)
rNeg     . . .     Faith    .   (armour unavailable)
rPois    x         Spirit   .   (helmet currently unavailable)
rElec    .         Reflect  .   (cloak currently unavailable)
rCorr    .         Harm     .   (gloves currently unavailable)
MR       .....                  (boots currently unavailable)
Stlth    +.........             (no amulet)
HPRegen  0.11/turn              (no ring)
MPRegen  0.11/turn              (no ring)

@: spider-form
A: tiny, unfitting armour, AC +5
a: End Transformation


You were on level 1 of the Dungeon.
You were not hungry.
You were a venomous arachnid creature.
You visited 1 branch of the dungeon, and saw 4 of its levels.

You collected 82 gold pieces.

Inventory:

Missiles
 a - 9 arrows
Armour
 l - a +0 pair of boots (melded)
Scrolls
 b - a scroll of magic mapping {unknown}
 h - a scroll of teleportation {unknown}
 j - a scroll of enchant armour {unknown}
 k - a scroll of identify {unknown}
Potions
 d - a potion of haste {unknown}
 e - 2 potions of heal wounds {unknown}
 f - 2 potions of flight {unknown}
 g - a potion of degeneration {unknown}
Comestibles
 c - 3 rations


   Skills:
 - Level 1.2 Fighting
 - Level 1.8 Dodging
 - Level 3.0 Unarmed Combat
 + Level 2.8 Spellcasting
 * Level 3.7 Transmutations


You had 2 spell levels left.
You knew the following spells:

 Your Spells              Type           Power        Failure   Level  Hunger
a - Beastly Appendage     Tmut           ##....       14%         1    #......
b - Sticks to Snakes      Tmut           ##......     19%         2    ##.....
c - Spider Form           Tmut/Pois      #.........   52%         3    ###....

Your spell library contained the following spells:

 Spells                   Type           Power        Failure   Level  Hunger
 Ice Form                 Ice/Tmut       #.......     86%         4    #####..
 Blade Hands              Tmut           ##........   91%         5    ######.


Dungeon Overview and Level Annotations

Branches:
Dungeon (4/15)
 Temple: D:4-7

Altars:
Xom


Innate Abilities, Weirdness & Mutations

((Your plain brown scales are hard. (AC +5)))
You cannot fit into any form of body armour.
((You are cold-blooded and may be slowed by cold attacks.))


Message History

The ice beast misses you.
You hit the ice beast but do no damage.
The ice beast is moderately wounded.
The ice beast hits you. The ice beast freezes you.
You barely miss the ice beast.
The ice beast is heavily wounded.
The ice beast hits you but does no damage.
You hit the ice beast.
The ice beast is severely wounded.
The ice beast hits you. The ice beast freezes you!
You hit the ice beast but do no damage.
The ice beast is severely wounded.
The ice beast misses you.
You hit the ice beast but do no damage.
The ice beast looks as sick as possible!
The ice beast is severely wounded.
The ice beast hits you.
* * * LOW HITPOINT WARNING * * *
The ice beast freezes you!
You die...

..........#....# #....#..# #.#
..........#....# #.#####.# #.#
..........#....# #.#####.# #.#
.######+###....###.#.....# #)#
.######.# #........#.##### #.#
......#.# ###......#.#.# #.#
..###.#.# #......#.#.# #.#
..###.#.#####......#.#.######.#
................sY.#.#........#
#.###.......##.......##########
#.# ##.####.##.####### ..# #..#
#[##.# ..# ##.# #.##.# ###
#.###.##.# ## #..##....#### .#
##.###......#
.#######..##......#


You could see an ice beast.

Vanquished Creatures
  2 adders
  3 oozes (D:1)
  2 dart slugs (D:2)
  2 leopard geckos
  A ball python (D:2)
  7 bats
  4 giant cockroaches
  3 goblins
  A hobgoblin (D:2)
  7 jackals
  5 frilled lizards
  4 kobolds
  3 rats
44 creatures vanquished.

Notes
Turn   | Place    | Note
-------+----------+-------------------------------------------
     0 | D:1      | AlterAsc the Draconian Transmuter began the quest for the
                  | Orb.
     0 | D:1      | Reached XP level 1. HP: 16/16 MP: 3/3
   125 | D:1      | Reached XP level 2. HP: 20/23 MP: 3/5
   353 | D:1      | Learned a level 2 spell: Sticks to Snakes
   520 | D:1      | Reached XP level 3. HP: 28/28 MP: 4/6
   669 | D:2      | Noticed an ice beast
   795 | D:2      | Found a shimmering altar of Xom.
  1257 | D:2      | You fall into a shaft and drop 2 floors!
  1408 | D:2      | Reached XP level 4. HP: 35/35 MP: 6/8
  1417 | D:2      | Learned a level 3 spell: Spider Form
  2053 | D:1      | Slain by an ice beast

Levels and vault maps discovered:
D:1:      lightli_iron_boxes, layout_basic, st_stairs_8
D:2:      layout_rooms, first_ration, serial_corexii_hall,
          chequers_hall_statues_corner_a, chequers_hall_statues_corner_a,
          hangedman_abyss_or_decor_lesser_grid, grunt_ministairs_6,
          xom_teletrap_fun
D:3:      layout_loops_ring, corexii_corridor_pit
D:4:      layout_rooms, grunt_temple_overflow_order_and_chaos_2, serial_shops,
          shop, uniq_grinder

Skill      XL: |  1  2 |
---------------+-------+-----
Transmutations | 3 |  3.7
Fighting       | |  1.2
Dodging        | |  1.8
Unarmed Combat | |  3.0
Spellcasting   | |  2.8

Action                   |  1- 3 |  4- 6 || total
-------------------------+-------+-------++-------
Melee: Unarmed           |   143 |    24 ||   167
       Kick              |     5 |       ||     5
       Tailslap          |    12 |     1 ||    13
       Headbutt          |    13 |       ||    13
       Punch             |     1 |     1 ||     2
 Cast: Beastly Appendage |    21 |     2 ||    23
       Sticks to Snakes  |     1 |     2 ||     3
       Spider Form       |       |     2 ||     2
 Stab: Sleeping          |     1 |       ||     1
  Eat: Chunk             |     2 |     1 ||     3
       Ration            |       |     1 ||     1
Armor: Skin              |    55 |    10 ||    65
Dodge: Dodged            |   115 |    22 ||   137
